Map: Terrazze Prion

Players

Jhyrachy

  • Race: Zerg Zerg
  • League: Gold

weigl - Winner!

  • Race: Zerg Zerg
  • League: Silver

VOD

Have the link to the VOD?

Description

Time

  • Played on: May 17, 2016, 4:09 p.m.
  • Length: 18:19
Show
View Real Time Build Order
Export as new Build Order

Jhyrachy Zerg 

Build Orders: Pool First 

Get SALT Encoding   

  12  0:01  Drone  
  13  0:08  Drone  
  14  0:19  Extractor  
  14  0:21  Drone, Extractor  
  14  0:22  Drone  
  15  0:40  Spawning Pool  
  14  0:46  Overlord  
  14  1:04  Drone x2  
  14  1:05  Drone  
  17  1:20  Drone  
  18  1:27  Queen  
  18  1:29  Evolution Chamber  
  18  1:32  Overlord  
  19  1:40  Metabolic Boost  
  19  1:47  Zergling x2  
  20  1:54  Zergling x2  
  21  2:18  Zergling x4  
  21  2:20  Zerg Melee Weapons Level 1  
  23  2:37  Zergling x10  
  28  2:48  Drone  
  29  3:01  Hatchery  
  27  3:10  Queen  
  28  3:16  Zergling x4  
  28  3:18  Overlord  
  27  3:46  Pneumatized Carapace  
  27  3:56  Zergling x2  
  27  3:57  Zergling x10  
  33  4:24  Drone  
  33  4:25  Drone x5  
  35  4:49  Baneling Nest  
  34  4:53  Drone x3  
  34  4:54  Drone x3  
  34  4:55  Overlord  
  39  5:25  Zergling x2  
  39  5:26  Zergling x20  
  50  5:37  Baneling x2  
  50  5:38  Baneling x3  
  48  6:06  Baneling x2  
  48  6:07  Baneling x2  
  48  6:20  Extractor  
  48  6:21  Extractor  
  48  6:24  Extractor  
  39  7:03  Lair  
  39  7:04  Drone x3  
  39  7:06  Drone x3  
  39  7:07  Drone x3  
  39  7:08  Overlord x3  
  45  8:01  Spire  
  41  8:32  Zergling x16  
  41  8:33  Zergling x20  
  55  9:04  Overlord  
  55  9:16  Mutalisk  
  55  9:17  Mutalisk x8  
  55  9:21  Zerg Flyer Weapons Level 1  
  73  9:36  Hatchery  
  72  9:43  Spore Crawler  
  54  9:46  Spore Crawler  
  49  10:02  Drone x4  
  49  10:03  Drone x4  
  57  10:07  Queen  
  59  10:20  Mutalisk  
  59  10:21  Mutalisk x5  
  65  10:31  Zergling x2  
  65  10:32  Zergling x4  
  69  10:41  Spine Crawler  
  68  10:44  Spine Crawler  
  67  11:22  Queen x2  
  67  11:23  Spore Crawler  
  66  11:30  Mutalisk  
  66  11:31  Mutalisk x6  
  46  12:14  Zerg Flyer Armor Level 1  
  46  12:28  Hatchery  
  41  12:41  Mutalisk x2  
  41  12:42  Mutalisk x2  
  47  13:09  Spine Crawler  
  47  13:10  Spore Crawler  
  47  13:11  Spore Crawler  
  44  13:13  Drone x2  
  44  13:14  Spine Crawler  
  45  13:29  Queen x2  
  49  13:39  Mutalisk  
  49  13:40  Mutalisk x4  
  59  13:42  Zergling x2  
  59  13:43  Zergling x22  
  59  13:44  Zergling x2  
  72  14:04  Spine Crawler  
  72  14:05  Queen  
  71  14:17  Hatchery  
  68  14:26  Mutalisk  
  68  14:27  Mutalisk x3  
  76  14:50  Overlord x2  
  76  15:16  Drone  
  76  15:17  Drone x10  
  83  16:10  Extractor  
  82  16:11  Extractor  
  82  16:15  Mutalisk x8  
  97  16:18  Overlord  
  97  16:19  Overlord x2  
  97  16:24  Hatchery  
  92  17:10  Spire  
  92  17:13  Queen x3  
Show
View Real Time Build Order
Export as new Build Order

weigl Zerg - Winner!

Build Orders: Pool First, Muta Ling Bane 

Get SALT Encoding   

  12  0:01  Drone  
  13  0:08  Drone  
  14  0:17  Overlord  
  14  0:25  Extractor  
  14  0:26  Drone  
  15  0:35  Drone x2  
  17  0:41  Extractor  
  16  0:46  Spawning Pool  
  15  0:51  Drone  
  15  0:55  Drone  
  17  1:18  Hatchery  
  17  1:24  Drone  
  17  1:29  Overlord  
  17  1:43  Metabolic Boost  
  17  1:49  Queen  
  17  1:53  Zergling x2  
  20  1:57  Zergling x2  
  20  2:00  Zergling x2  
  22  2:10  Zergling x2  
  23  2:25  Queen  
  23  2:28  Overlord  
  25  2:31  Drone x2  
  27  2:37  Zergling x2  
  27  2:44  Drone  
  29  2:53  Zergling x2  
  29  2:54  Zergling x2  
  31  2:58  Drone  
  31  3:12  Zergling x4  
  30  3:13  Spine Crawler  
  30  3:15  Spine Crawler  
  30  3:16  Zergling x6  
  31  3:33  Zergling x4  
  31  3:34  Zergling x6  
  29  3:37  Queen  
  32  3:44  Drone  
  32  3:48  Drone x3  
  36  3:57  Lair  
  36  3:59  Extractor  
  36  4:02  Drone  
  36  4:12  Drone  
  36  4:13  Drone x2  
  39  4:17  Extractor  
  35  4:38  Zergling x4  
  35  4:39  Zergling x8  
  41  4:46  Zergling x4  
  41  4:47  Overlord  
  41  4:48  Overlord x3  
  43  4:55  Baneling Nest  
  43  4:56  Drone  
  43  5:06  Drone  
  44  5:12  Drone x3  
  45  5:29  Drone  
  46  5:38  Baneling x3  
  46  5:39  Baneling x4  
  46  5:40  Baneling x2  
  46  5:43  Drone  
  46  5:44  Drone  
  46  5:47  Drone x3  
  46  5:49  Drone x3  
  46  6:05  Zergling x10  
  46  6:06  Zergling x4  
  53  6:24  Centrifical Hooks  
  53  6:37  Overlord  
  47  6:40  Zergling x2  
  47  6:41  Zergling x8  
  52  6:51  Zergling x4  
  53  7:05  Baneling x3  
  53  7:15  Zergling x6  
  53  7:16  Zergling x2  
  55  7:44  Zergling x6  
  58  7:59  Spire  
  58  8:05  Extractor  
  56  8:06  Overlord x2  
  56  8:07  Zergling x2  
  56  8:08  Zergling x2  
  57  8:29  Zergling x10  
  57  8:30  Zergling x2  
  62  8:44  Zergling x8  
  62  8:45  Zergling x6  
  68  9:02  Drone x3  
  70  9:17  Baneling  
  70  9:18  Baneling x5  
  70  9:19  Baneling x5  
  70  9:20  Baneling x5  
  70  9:21  Mutalisk x4, Baneling  
  70  9:22  Mutalisk x4  
  86  9:43  Hatchery  
  73  9:56  Spore Crawler  
  73  9:59  Mutalisk x3  
  73  10:00  Mutalisk  
  79  10:08  Queen  
  77  10:25  Mutalisk x2  
  77  10:26  Mutalisk  
  81  10:50  Mutalisk x2  
  81  10:52  Overlord x3  
  81  10:56  Overlord x3  
  81  10:57  Drone x3  
  87  11:18  Drone x4  
  91  11:20  Extractor  
  91  11:25  Hatchery, Extractor  
  78  11:36  Mutalisk x5  
  62  12:02  Drone x3  
  62  12:03  Drone  
  62  12:04  Drone x2  
  62  12:07  Mutalisk x3  
  74  12:09  Zergling x6  
  77  12:25  Mutalisk x2  
  73  12:41  Spore Crawler  
  73  12:42  Mutalisk, Zerg Flyer Weapons Level 1  
  70  12:58  Mutalisk  
  70  12:59  Mutalisk x2  
  70  13:03  Queen  
  70  13:04  Drone x2  
  70  13:05  Drone  
  80  13:24  Spore Crawler  
  80  13:25  Spore Crawler, Extractor  
  75  13:27  Extractor  
  75  13:28  Spore Crawler  
  75  13:30  Mutalisk x3  
  75  13:31  Mutalisk x2  
  83  13:36  Drone x2  
  83  13:37  Drone x3  
  88  13:56  Evolution Chamber  
  88  13:57  Evolution Chamber  
  87  14:02  Drone  
  87  14:03  Drone x2  
  87  14:09  Mutalisk x5  
  86  14:11  Mutalisk  
  94  14:23  Mutalisk x2  
  98  14:29  Drone  
  98  14:30  Drone x2  
  101  14:39  Overlord x3  
  101  14:42  Zerg Melee Weapons Level 1  
  101  14:43  Zerg Ground Armor Level 1  
  101  14:47  Hatchery  
  101  14:50  Infestation Pit  
  99  14:55  Mutalisk x3  
  99  14:59  Zergling x6  
  109  15:00  Zergling x8  
  109  15:01  Zergling x2  
  113  15:36  Extractor  
  113  15:40  Extractor  
  104  15:50  Baneling x2  
  104  15:51  Baneling x5  
  104  15:52  Baneling x5  
  104  15:53  Baneling x5  
  104  15:54  Baneling x5  
  104  15:55  Mutalisk x3, Baneling  
  104  15:56  Mutalisk  
  112  15:58  Zergling x14  
  112  16:00  Drone  
  112  16:02  Drone  
  121  16:10  Queen  
  121  16:40  Mutalisk  
  121  16:41  Mutalisk x6  
  133  16:56  Mutalisk x3  
  140  17:01  Drone x3  
  142  17:22  Hatchery  
  142  17:29  Overlord x2  
  141  17:31  Mutalisk x2  
  145  17:45  Mutalisk  
  145  17:46  Mutalisk x2  
  144  17:54  Mutalisk  
Tags
 
Add a new tag
Caveats
  • Supply blocks, unpowered buildings, or Contaminate may cause inaccurate times.
  • Supply counts are checked every 10 seconds.